 Dungeon Crawl Stone Soup version 0.32-a0-42-ga30500b4d3 (webtiles) character file.

Game seed: 9027665051020617286

100556 grandjackal the Champion of Chaos (level 15, 0/132 HPs)
             Began as a Demonspawn Gladiator on Jan 29, 2024.
             Was the Champion of Makhleb.
             Engulfed by an ice dragon's freezing vapour (10 damage)
             ... led by a spriggan druid
             ... on level 1 of the Swamp.
             The game lasted 00:33:32 (21141 turns).

grandjackal the Champion of Chaos (DsGl)           Turns: 21141, Time: 00:33:32

Health: 0/132      AC: 28    Str: 19    XL:     15   Next: 80%
Magic:  0/28       EV: 12    Int: 10    God:    Makhleb [******]
Gold:   903        SH:  0    Dex: 18    Spells: 14/14 levels left

rFire   . . .        h - +2 executioner's axe (chaos)
rCold   + . .        (shield currently unavailable)
rNeg    . . .        k - +0 plate armour {rC+}
rPois   +            (helmet unavailable)
rElec   +            W - +2 cloak {Will+}
rCorr   .            g - +2 pair of gloves
SInv    .            I - +0 pair of boots of Affeggas {-Cast Rampage rElec Dex+2}
Will    ++...        j - amulet of regeneration Stlth
                     u - ring of poison resistance
HPRegen 1.22/turn    E - ring of flight
MPRegen 0.42/turn

%: no spellcasting, guardian spirit, rampage
@: agile, sanguine armoured, flying
A: horns 3, powered by pain 2, magic shield, magic regeneration, sanguine armour
2
a: Renounce Religion, Minor Destruction, Lesser Servant of Makhleb, Major
Destruction, Greater Servant of Makhleb


You were on level 1 of the Swamp.
You worshipped Makhleb.
Makhleb was exalted by your worship.
You visited 4 branches of the dungeon, and saw 23 of its levels.
You also visited: Sewer and Ice Cave.

You collected 2192 gold pieces.
You spent 1289 gold pieces at shops.

Inventory:

Hand Weapons
 h - a +2 executioner's axe of chaos (weapon)
 Z - a +5 vampiric demon trident
Missiles
 d - 10 throwing nets (quivered)
 e - 12 javelins
Armour
 g - a +2 pair of gloves (worn)
 k - a +0 plate armour of cold resistance (worn)
 D - a +0 chain mail of poison resistance
 I - the +0 pair of boots of Affeggas (worn) {-Cast Rampage rElec Dex+2}
   (You found it on level 4 of the Dungeon)

   Dex+2:     It affects your dexterity (+2).
   rElec:     It insulates you from electricity.
   -Cast:     It prevents spellcasting.
   Rampage:   It bestows one free step when moving towards enemies.
 O - a +1 chain mail of fire resistance
 W - a +2 cloak of willpower (worn)
Jewellery
 j - an amulet of regeneration (around neck)
 n - a ring of see invisible
 u - a ring of poison resistance (left hand)
 v - a ring of resist corrosion
 E - a ring of flight (right hand)
 H - a ring of ice
 V - the ring "Huecwirch" {rElec rF+ Will+}
   (You acquired it on level 15 of the Dungeon)

   [ring of willpower]

   rF+:       It protects you from fire.
   rElec:     It insulates you from electricity.
   Will+:     It increases your willpower.
 Y - the ring of Zidd {+Blink Slay+4}
   (You bought it in a shop on level 1 of the Orcish Mines)

   [ring of slaying]

   Slay+4:    It affects your accuracy & damage with ranged weapons and melee
   (+4).
   +Blink:    It lets you blink.
Wands
 G - a wand of polymorph (2)
 J - a wand of mindburst (3)
 M - a wand of iceblast (12)
 P - a wand of flame (38)
 R - a wand of light (16)
 T - a wand of paralysis (6)
Scrolls
 a - 2 scrolls of enchant armour
 c - a scroll of butterflies
 i - 2 scrolls of blinking
 m - 3 scrolls of fog
 o - 10 scrolls of teleportation
 s - 2 scrolls of poison
 B - 8 scrolls of identify
 C - a scroll of silence
 F - 3 scrolls of vulnerability
 Q - 2 scrolls of revelation
 S - 3 scrolls of immolation
 U - 2 scrolls of fear
Potions
 b - 3 potions of attraction
 f - 3 potions of magic
 p - 3 potions of lignification
 q - 5 potions of ambrosia
 r - 3 potions of haste
 t - 6 potions of heal wounds
 w - 5 potions of invisibility
 x - 6 potions of brilliance
 K - 2 potions of enlightenment
 L - 2 potions of curing
 N - a potion of cancellation
 X - 3 potions of berserk rage


   Skills:
 + Level 16.7 Fighting
 - Level 3.4 Long Blades
 + Level 15.0 Axes
 - Level 1.0(9.7) Maces & Flails
 - Level 2.0 Throwing
 + Level 3.8 Armour
 + Level 3.2 Dodging
 - Level 5.0 Shields
 - Level 19.3 Invocations


You had 14 spell levels left.
You didn't know any spells.
Your spell library contained the following spells:

 Spells                   Type           Power      Damage    Failure   Level
 Call Imp                 Summ           0%         N/A       100%        2
 Jinxbite                 Hex            0%         N/A       100%        2
 Lesser Beckoning         Tloc           0%         N/A       100%        2
 Sublimation of Blood     Necr           0%         N/A       100%        2
 Frozen Ramparts          Ice            0%         1d1       100%        3
 Gell's Gravitas          Tloc           0%         N/A       100%        3
 Inner Flame              Hex/Fire       0%         N/A       100%        3
 Teleport Other           Tloc           0%         N/A       100%        3
 Leda's Liquefaction      Alch/Erth      0%         N/A       100%        4
 Petrify                  Alch/Erth      0%         N/A       100%        4
 Irradiate                Conj/Alch      0%         3d11      100%        5
 Metabolic Englaciation   Hex/Ice        0%         N/A       100%        5
 Yara's Violent Unravell  Hex/Alch       0%         3d3       100%        5
 Dispersal                Tloc           0%         N/A       100%        6
 Enfeeble                 Hex            0%         N/A       100%        7
 Summon Hydra             Summ           0%         N/A       100%        7
 Ignition                 Fire           0%         3d3       100%        8


Dungeon Overview and Level Annotations

Branches:
Dungeon (15/15)            Temple (0/1) D:6            Lair (5/5) D:10
  Swamp (1/4) Lair:3        Snake (0/4) Lair:2        Slime (0/5) Lair:5
    Orc (2/2) D:9             Elf (0/3) Orc:2        Vaults (0/5) D:14
 Depths (0/4) D:15          Sewer (visited)           IceCv (visited)

Altars:
Fedhas
Gozag
Kikubaaqudgha
Makhleb
Nemelex Xobeh
Okawaru
Trog
Uskayaw
Vehumet
Wu Jian
Jiyva

Shops:
D:1 *   D:7 (   Orc:1 =   Orc:2 **![:

Portals:
Hell: Lair:5
Trove: D:13 (give 3 potions of resistance)

Annotations:
D:6 1 runed translucent door, cforsyth's ghost, novice DjRe
Orc:2 1 transporter


Innate Abilities, Weirdness & Mutations

You have a pair of large horns on your head.
You sometimes gain power by taking damage.
When hurt, damage is shared between your health and your magic reserves.
You regenerate magic rapidly.
When seriously injured, your blood forms thick armour. (AC +9)


Message History

The spriggan rider is heavily wounded.
You slice the spriggan rider!!
You kill the spriggan!
Makhleb accepts your kill.
You feel better. The hornet stings you!
* * * LOW HITPOINT WARNING * * *
The spriggan rider closely misses you.
You slash the spriggan rider!
The spriggan rider looks weaker.
You kill the spriggan!
Makhleb accepts your kill.
You headbutt the hornet!
The hornet is severely wounded.
You slash the hornet!
You kill the hornet!
Makhleb accepts your kill.
You feel better. The hornet barely misses you.
Your Axes skill increases to level 15!
You hit the hornet but do no damage.
The hornet evaporates and reforms as an ice dragon!
The ice dragon is severely wounded.
Unknown command.
You closely miss the ice dragon. Your headbutt misses the ice dragon.
The ice dragon is severely wounded.
The ice dragon breathes frost at you. The blast of cold hits you! You resist.
* * * LOW HITPOINT WARNING * * *
The ice dragon closely misses you.
The ice dragon claws you but does no damage.
The ice dragon tramples you but does no damage.
You barely miss the ice dragon.
The ice dragon is severely wounded.
You are engulfed in freezing vapours.
You resist.
* * * LOW HITPOINT WARNING * * *
The ice dragon bites you but does no damage.
The ice dragon claws you but does no damage.
The ice dragon misses you.
You barely miss the ice dragon. Your headbutt misses the ice dragon.
The ice dragon is severely wounded.
You are engulfed in freezing vapours.
You resist.
You die...

♣♣ .~~ ... ..
~.♣♣♣.♣♣ !~~~♣
..~~$.♣
..~♣.~.
♣..~$♣♣ ~~~~~~
♣.~~~♣♣ .~~~~.
♣.))D.♣ ♣♣.~~~
♣~@))♣ ♣....
♣.)~~♣♣♣♣♣.♣§♣
♣♣~~.....).♣~♣
♣~~.~.~~~§[.♣
♣~.~§~)~[§<♣♣
♣♣.~..~~~~.♣
♣....♣§~..♣
♣♣.♣♣♣~~~♣♣
♣~~~.~~.♣


You could see an ice dragon (catching breath).

Vanquished Creatures
  Louise (Lair:3)
  An ironbound preserver (D:14)
  2 ghouls
  A minotaur (Lair:3)
  A dire elephant (D:15)
  Snorg (Lair:3)
  Josephine (Lair:5)
  A fire dragon (D:14)
  An ice dragon (D:13)
  Harold (D:11)
  6 hydras
  An ogre mage (D:14)
  6 boulder beetles
  A catoblepas (Lair:5)
  2 alligators (Lair:3)
  5 centaur warriors
  2 two-headed ogres
  A tengu warrior (D:14)
  5 death yaks (Lair:3)
  Urug (Lair:4)
  5 orc high priests (Orc:2)
  8 spriggans (Swamp:1)
  A sun demon (Lair:5)
  Nergalle (Lair:3)
  3 skeletal warriors (D:14)
  2 skysharks (Lair:3)
  4 spriggan druids
  A glowing orange brain (D:14)
  2 arcanists
  2 bog bodies
  A swamp dragon (Lair:3)
  2 deep elf pyromancers
  4 orc knights (Orc:2)
  2 wolf spiders (D:14)
  4 manticores
  11 ugly things
  7 cyclopes
  2 ice statues (IceCv)
  A salamander (D:15)
  13 slime creatures
  3 meliai (D:15)
  16 elephants
  4 black mambas
  A smoke demon (Lair:5)
  A torpor snail (Lair:4)
  3 gargoyles
  3 orange demons (Lair:5)
  12 komodo dragons
  9 cane toads
  2 efreet (D:14)
  A yaktaur (D:15)
  A freezing wraith (D:14)
  8 rime drakes
  An ice devil (Lair:5)
  Psyche (D:11)
  A tengu conjurer (D:14)
  2 red devils (Lair:5)
  5 trolls
  5 polar bears
  A tyrant leech (Lair:3)
  8 hornets
  Grinder (D:5)
  3 blink frogs (Lair:1)
  6 dream sheep
  3 water elementals (D:13)
  Eustachio (D:6)
  4 wyverns
  A yak (shapeshifter) (D:14)
  A vampire (D:10)
  A fire elemental (Lair:4)
  24 yaks
  2 basilisks
  4 fire bats (Lair:3)
  A fire bat (shapeshifter) (D:14)
  5 wraiths
  2 wargs (Orc:1)
  A steam dragon (Lair:1)
  3 vampire mosquitoes (D:12)
  A water moccasin (shapeshifter) (D:13)
  A naga (shapeshifter) (D:14)
  A hydra simulacrum (IceCv)
  3 hell hounds (Lair:5)
  An acid dragon (D:10)
  3 nagas (Lair:2)
  15 water moccasins
  34 orc warriors
  2 black bears
  2 laughing skulls (D:13)
  28 wolves
  3 ogres
  2 centaurs (D:8)
  A phantom (D:4)
  4 kobold brigands
  9 bullfrogs
  A necrophage (Lair:3)
  A gnoll sergeant (D:8)
  2 scorpions
  3 wyvern zombies (D:7)
  A cane toad simulacrum (IceCv)
  10 wights
  2 elephant simulacra (IceCv)
  11 killer bees
  12 electric eels
  A howler monkey (D:9)
  5 bombardier beetles
  A centaur zombie (D:7)
  A lava snake (Lair:3)
  A jelly (Lair:5)
  A gnoll bouda (D:7)
  26 orc priests
  5 hounds
  Crazy Yiuf (D:5)
  Ijyb (D:5)
  14 orc wizards
  2 iguanas
  A killer bee zombie (D:7)
  4 howler monkey zombies (D:7)
  10 gnolls
  11 adders
  2 river rats
  3 white imps
  2 ufetubi (D:5)
  4 dart slugs
  5 ribbon worms (D:4)
  94 orcs
  13 ball pythons
  7 endoplasms
  8 giant cockroaches
  8 goblins
  7 hobgoblins
  6 jackals
  3 quokkas
  11 bats
  12 frilled lizards
  18 kobolds
  11 rats
720 creatures vanquished.

Vanquished Creatures (collateral kills)
  A spriggan (Lair:3)
  A hornet (Lair:3)
2 creatures vanquished.

Vanquished Creatures (others)
  A goliath frog (Swamp:1)
  A bloated husk (Swamp:1)
  A spriggan (Swamp:1)
  An orc wizard (Orc:1)
  An orc (D:9)
5 creatures vanquished.

Grand Total: 727 creatures vanquished

Notes
Turn   | Place    | Note
-------+----------+-------------------------------------------
     0 | D:1      | grandjackal the Demonspawn Gladiator began the quest for
                  | the Orb.
     0 | D:1      | Reached XP level 1. HP: 16/16 MP: 1/1
   210 | D:1      | Gained mutation: When seriously injured, your blood forms
                  | armour. (AC +9) [demonic ancestry]
   210 | D:1      | Reached XP level 2. HP: 21/22 MP: 2/2
   336 | D:1      | Reached skill level 1 in Maces & Flails
   479 | D:1      | Gained mutation: When seriously injured, your blood forms
                  | thick armour. (AC +9) [demonic ancestry]
   479 | D:1      | Reached XP level 3. HP: 20/28 MP: 3/3
   662 | D:1      | Found Xowoikh's Assorted Antiques.
   670 | D:1      | Bought a scroll labelled GAXOEQ ZARURAI for 26 gold pieces
  1181 | D:1      | Bought a grey potion for 23 gold pieces
  1904 | D:2      | Reached XP level 4. HP: 35/35 MP: 4/4
  2107 | D:3      | Found a glowing drain.
  2130 | Sewer    | Entered a sewer
  2264 | Sewer    | Identified the +8 hand axe of Autumn {elec, Fly Str+5}
  2298 | Sewer    | Noticed a kobold brigand
  2306 | Sewer    | Killed a kobold brigand
  2307 | Sewer    | Reached skill level 1 in Axes
  2307 | Sewer    | Reached XP level 5. HP: 34/42 MP: 5/5
  2385 | Sewer    | Gained mutation: You regenerate magic rapidly. [demonic
                  | ancestry]
  2385 | Sewer    | Reached XP level 6. HP: 25/49 MP: 6/6
  2972 | D:4      | Reached skill level 5 in Fighting
  3007 | D:4      | Found a bloodstained altar of Trog.
  3137 | D:4      | Identified the +0 pair of boots of Affeggas {-Cast Rampage
                  | rElec Dex+2}
  3163 | D:4      | Gained mutation: You have a pair of small horns on your
                  | head. [demonic ancestry]
  3163 | D:4      | Reached XP level 7. HP: 56/56 MP: 7/7
  3510 | D:5      | Entered Level 5 of the Dungeon
  3648 | D:5      | Noticed Grinder
  3652 | D:5      | Paralysed by Grinder for 3 turns
  3658 | D:5      | Killed Grinder
  3659 | D:5      | Reached skill level 1 in Shields
  3802 | D:5      | Found a burning altar of Makhleb.
  3802 | D:5      | Found an ancient bone altar of Kikubaaqudgha.
  3803 | D:5      | Found a blossoming altar of Fedhas.
  3830 | D:5      | Reached XP level 8. HP: 65/65 MP: 8/8
  3841 | D:5      | Reached skill level 5 in Axes
  3865 | D:5      | Became a worshipper of Makhleb the Destroyer
  3905 | D:5      | Noticed Ijyb
  3913 | D:5      | Killed Ijyb
  4191 | D:5      | Reached skill level 1 in Invocations
  4244 | D:5      | Found a runed translucent door.
  4245 | D:5      | Noticed Crazy Yiuf
  4251 | D:5      | Killed Crazy Yiuf
  4292 | D:6      | Reached skill level 2 in Invocations
  4325 | D:6      | Found a staircase to the Ecumenical Temple.
  4562 | D:6      | Reached skill level 3 in Invocations
  4754 | D:6      | Noticed Eustachio
  4760 | D:6      | Killed Eustachio
  4814 | D:6      | Found a runed translucent door.
  4820 | D:6      | Noticed cforsyth's ghost (novice DjRe)
  4856 | D:7      | Gained mutation: You have a pair of horns on your head.
                  | [demonic ancestry]
  4856 | D:7      | Reached XP level 9. HP: 72/72 MP: 11/11
  4893 | D:7      | Reached * piety under Makhleb
  4894 | D:7      | Reached skill level 4 in Invocations
  5304 | D:6      | Reached skill level 5 in Invocations
  5697 | D:7      | Found Vus Fooxit's Antique Weapon Emporium.
  6007 | D:7      | Found a sparkling altar of Nemelex Xobeh.
  6270 | D:8      | Reached skill level 5 in Shields
  6435 | D:8      | Reached skill level 6 in Invocations
  6453 | D:8      | Found an opulent altar of Gozag.
  6493 | D:8      | Reached skill level 1 in Armour
  6780 | D:8      | Reached ** piety under Makhleb
  7257 | D:8      | Noticed a troll
  7265 | D:8      | Killed a troll
  7266 | D:8      | Gained mutation: When hurt, damage is shared between your
                  | health and your magic reserves. [demonic ancestry]
  7266 | D:8      | Reached XP level 10. HP: 58/82 MP: 13/15
  7456 | D:9      | Found a staircase to the Orcish Mines.
  7465 | D:9      | Noticed a two-headed ogre
  7477 | D:9      | Killed a two-headed ogre
  7478 | D:9      | Reached skill level 7 in Invocations
  7748 | D:9      | Noticed an arcanist
  7753 | D:9      | Killed an arcanist
  7757 | D:9      | Reached *** piety under Makhleb
  7935 | D:9      | Found an ornate altar of the Wu Jian Council.
  8046 | D:9      | Reached skill level 8 in Invocations
  8087 | D:9      | Found a hide-covered altar of Uskayaw.
  8361 | D:10     | Entered Level 10 of the Dungeon
  8431 | D:10     | Found a staircase to the Lair.
  8494 | D:10     | Noticed a two-headed ogre
  8503 | D:10     | Killed a two-headed ogre
  8504 | D:10     | Reached skill level 9 in Invocations
  8790 | D:10     | Reached skill level 10 in Fighting
  8790 | D:10     | Reached XP level 11. HP: 73/90 MP: 12/17
  9604 | D:11     | Noticed Psyche
  9617 | D:11     | Killed Psyche
  9707 | D:11     | Noticed a boulder beetle
  9731 | D:11     | Killed a boulder beetle
  9764 | D:11     | Noticed a boulder beetle
  9782 | D:11     | Killed a boulder beetle
  9783 | D:11     | Reached skill level 10 in Invocations
  9943 | D:11     | Noticed Harold
  9961 | D:11     | Killed Harold
 10271 | D:12     | Noticed a deep elf pyromancer
 10304 | D:11     | Reached **** piety under Makhleb
 10312 | D:12     | Killed a deep elf pyromancer
 10313 | D:12     | Reached skill level 11 in Invocations
 11057 | Orc:1    | Entered Level 1 of the Orcish Mines
 11091 | Orc:1    | Reached skill level 10 in Axes
 11091 | Orc:1    | Gained mutation: You sometimes gain a little power by
                  | taking damage. [demonic ancestry]
 11091 | Orc:1    | Reached XP level 12. HP: 35/100 MP: 4/20
 11248 | Orc:1    | Found Aron's Jewellery Shop.
 11395 | Orc:2    | Entered Level 2 of the Orcish Mines
 11538 | Orc:2    | Found a staircase to the Elven Halls.
 11572 | Orc:2    | Reached ***** piety under Makhleb
 11588 | Orc:2    | Reached skill level 12 in Invocations
 11646 | Orc:2    | Noticed an orc high priest
 11663 | Orc:2    | Killed an orc high priest
 11812 | Orc:2    | Found a transporter.
 11812 | Orc:2    | Found Kiuxkima's Book Shoppe.
 11956 | Orc:2    | Noticed an orc high priest
 11968 | Orc:2    | Killed an orc high priest
 11980 | Orc:2    | Noticed an orc high priest
 11987 | Orc:2    | Noticed an orc high priest
 11995 | Orc:2    | Reached skill level 13 in Invocations
 12000 | Orc:2    | Killed an orc high priest
 12008 | Orc:2    | Noticed an orc high priest
 12014 | Orc:2    | Killed an orc high priest
 12024 | Orc:2    | Killed an orc high priest
 12073 | Orc:2    | Found Izyniol's Armour Shoppe.
 12073 | Orc:2    | Found Wiumasto's Assorted Antiques.
 12074 | Orc:2    | Found Neadilim's Distillery.
 12074 | Orc:2    | Found Yfaeshr Cousk's Assorted Antiques.
 12081 | Orc:2    | Bought a scroll labelled OTHOOL JIDGHOUR for 36 gold pieces
 12086 | Orc:2    | Bought a potion of berserk rage for 70 gold pieces
 12088 | Orc:2    | Bought a scroll labelled JOWOUK ANILIBB for 30 gold pieces
 12185 | Orc:1    | Bought the ring of Zidd {+Blink Slay+4} for 1104 gold
                  | pieces
 12257 | Lair:1   | Entered Level 1 of the Lair of Beasts
 12369 | Lair:1   | Reached skill level 14 in Invocations
 12545 | Lair:1   | Noticed a boulder beetle
 12558 | Lair:1   | Killed a boulder beetle
 12559 | Lair:1   | Gained mutation: You have a pair of large horns on your
                  | head. [demonic ancestry]
 12559 | Lair:1   | Reached XP level 13. HP: 77/111 MP: 14/23
 12880 | Lair:1   | Found a radiant altar of Vehumet.
 13241 | Lair:2   | Found a staircase to the Snake Pit.
 13259 | Lair:2   | Identified a scroll of acquirement
 13260 | Lair:2   | Acquired a +2 heavy executioner's axe
 13282 | Lair:2   | Reached ****** piety under Makhleb
 13974 | Lair:3   | Found a staircase to the Swamp.
 13981 | Lair:3   | Noticed Nergalle
 13996 | Lair:3   | Killed Nergalle
 14094 | Lair:3   | Reached skill level 15 in Invocations
 14259 | Lair:3   | a death yak changed into a minotaur
 14259 | Lair:3   | Noticed a minotaur
 14262 | Lair:3   | Killed a minotaur
 14512 | Lair:3   | Noticed Snorg
 14522 | Lair:3   | HP: 4/113 [Snorg (2)]
 14527 | Lair:3   | Killed Snorg
 15265 | Lair:4   | Reached skill level 16 in Invocations
 15272 | Lair:4   | Noticed Urug
 15277 | Lair:4   | Gained mutation: You sometimes gain power by taking damage.
                  | [demonic ancestry]
 15277 | Lair:4   | Reached XP level 14. HP: 119/121 MP: 21/26
 15285 | Lair:4   | Killed Urug
 15950 | Lair:5   | Entered Level 5 of the Lair of Beasts
 16063 | Lair:5   | Found a staircase to the Slime Pits.
 16065 | Lair:5   | Found a viscous altar of Jiyva.
 16142 | Lair:5   | Noticed Josephine
 16152 | Lair:5   | Killed Josephine
 16339 | Lair:5   | Reached skill level 15 in Fighting
 16355 | Lair:5   | Reached skill level 17 in Invocations
 16899 | Lair:5   | Found a burning altar of Makhleb.
 16905 | Lair:5   | Found a gateway to Hell.
 16905 | Lair:5   | Found the +8 arc blade {discharge, rElec}
 16950 | Lair:5   | Identified the +10 short sword "Gaobizi" {pain, rN+ Will++
                  | MP+9 Str-2}
 17805 | D:13     | Found a frozen archway.
 17841 | IceCv    | Entered an ice cave
 17843 | IceCv    | Found a transporter.
 17863 | IceCv    | Found a transporter.
 17997 | D:13     | Found a portal to a secret trove of treasure.
 18423 | D:14     | Reached skill level 18 in Invocations
 18447 | D:14     | Reached XP level 15. HP: 100/130 MP: 21/28
 18584 | D:14     | Identified the scarf of Udo Ill {+Inv, *Slow rF+ Dex+5}
 18936 | D:14     | Identified the +1 plate armour "Forget-Me-Not" {Int+4}
 19163 | D:14     | Found a gate to the Vaults.
 19306 | D:15     | Entered Level 15 of the Dungeon
 19356 | D:15     | Found a staircase to the Depths.
 19572 | D:15     | Acquired the ring "Huecwirch" {rElec rF+ Will+}
 20150 | D:15     | Found an iron altar of Okawaru.
 20408 | Swamp:1  | Entered Level 1 of the Swamp
 20408 | Swamp:1  | Noticed Louise
 20429 | Lair:3   | Killed Louise
 20587 | Lair:3   | Paralysed by a hornet for 3 turns
 20592 | Lair:3   | Reached skill level 19 in Invocations
 20885 | Lair:3   | HP: 2/132 [ghoul (16)]
 21138 | Swamp:1  | Reached skill level 15 in Axes
 21141 | Swamp:1  | Engulfed by an ice dragon's freezing vapour

Illustrated notes

Levels and vault maps discovered:
D:1:      dpeg_cavernosity, layout_basic, serial_shops, shop
D:2:      layout_basic, minmay_fountain_box, minmay_quantized
D:3:      layout_basic, portal_sewer_entry_b
D:4:      layout_rooms, mainiacjoe_overflow_surrounded_room, serial_park_tiny_2,
          nicolae_wormholes
D:5:      layout_basic, chequers_temple_overflow_statue_of_worship,
          uniq_crazy_yiuf_cottage, uniq_grinder, uniq_ijyb
D:6:      layout_loops_ring, minmay_temple_entry_grid, ebering_ghost_sewer_d,
          minmay_lizard_king, uniq_eustachio
D:7:      layout_basic, nemelex_diamond_rough_becter, serial_shops, shop,
          serial_undead, serial_undead_a, serial_undead_a, serial_undead_f,
          serial_undead_d
D:8:      layout_basic, mainiacjoe_overflow_concentric_impassable,
          nicolae_titane
D:9:      cheibrodos_wizards_tower, layout_long_grid,
          mainiacjoe_overflow_alcove_1, mainiacjoe_overflow_catwalk,
          hiddenorc2_lemuel
D:10:     lemuel_ice_spiral_2, layout_basic, erik_lair_island, minivault_5
D:11:     layout_gridville, uniq_psyche, uniq_harold
D:12:     layout_roguey, roderic_serpentine_path
D:13:     layout_basic, portal_ice_cave_entry_animals_and_master, enter_trove_6
D:14:     minmay_the_grid_plus [minmay_the_grid_square_x,
          minmay_the_grid_pillar_ring, minmay_the_grid_expand,
          minmay_the_grid_zigzag_pyramid, minmay_the_grid_prize_four_corners],
          layout_rooms, hellmonk_vaults_order_and_chaos, grunt_decor_arrowhead
D:15:     hangedman_depths_entry_try_elsewhere_first, layout_small_grid,
          serial_library, serial_library_hellmonk_double_dead_end,
          serial_library_hellmonk_u_bend, serial_library_hellmonk_small_corner,
          serial_library_hellmonk_long_bookcase,
          serial_library_hellmonk_open_square,
          serial_library_hellmonk_hallway_a,
          serial_library_hellmonk_reading_circle, okawaru_altar_gauntlet_db
Lair:1:   layout_regular_city, basic_altar, serial_bayou_shore_a
Lair:2:   layout_small_grid, minmay_snake_entry_guardpost_small
Lair:3:   layout_gridlike, skrybe_swamp_entry_bodies, uniq_nergalle, uniq_snorg
Lair:4:   layout_gridlike, uniq_urug
Lair:5:   evil_forest, layout_big_grid, minmay_slime_entry_pillars,
          serial_bayou_lake_a, uniq_josephine
Swamp:1:  layout_falls_marsh, evilmike_swamp_ruin_house_2, swamp_pool_3,
          uniq_louise
Orc:1:    layout_diamond_mine, serial_shops, nicolae_shop_gaudy_bauble
Orc:2:    st_orc_pillars, layout_caves, serial_shops, nicolae_shop_drivethru

Skill      XL: |  1  2  3  4  5  6  7  8  9 10 11 12 13 14 15 |
---------------+----------------------------------------------+-----
Throwing       | 2 |  2.0
Dodging        | 3 |  3.2
Maces & Flails | 1 |  1.0
Long Blades    | 3 |  3.4
Fighting       | 3 4 5 6 7 8 10 11 13 14 15 16 | 16.7
Axes           | 1 2 3 4 5 7 8 10 11 12 14 15 | 15.0
Shields        | 2 3 5 |  5.0
Invocations    | 3 6 9 11 14 16 18 19 | 19.3
Armour         | 1 3 |  3.8

Action                     |  1- 3 |  4- 6 |  7- 9 | 10-12 | 13-15 || total
---------------------------+-------+-------+-------+-------+-------++-------
  Melee: Whip              |    64 |       |       |       |       ||    64
         Dagger            |    82 |    44 |       |       |       ||   126
         Punch             |     1 |     2 |       |       |     1 ||     4
         Hand axe          |       |    77 |   221 |   547 |    54 ||   899
         Headbutt          |       |       |    41 |   106 |   161 ||   308
         Executioner's axe |       |       |       |       |   640 ||   640
         Flail             |       |       |       |       |    28 ||    28
         Demon trident     |       |       |       |       |     8 ||     8
  Throw: Throwing net      |       |       |       |       |     2 ||     2
  Evoke: Wand              |       |       |       |     2 |     5 ||     7
    Use: Scroll            |       |       |       |    16 |    15 ||    31
         Potion            |       |       |       |     4 |     3 ||     7
   Stab: Paralysed         |       |       |       |       |     4 ||     4
         Confused          |       |       |       |       |     4 ||     4
         Petrified         |       |       |       |       |     2 ||     2
         Held in net/web   |       |       |       |       |     1 ||     1
 Armour: Leather armour    |    54 |       |   143 |   106 |       ||   303
         Ring mail         |    27 |    69 |    56 |       |       ||   152
         Skin              |       |       |       |    51 |       ||    51
         Chain mail        |       |       |       |   227 |   711 ||   938
         Plate armour      |       |       |       |       |   681 ||   681
  Dodge: Dodged            |    91 |    58 |   174 |   187 |   458 ||   968
  Block: Buckler           |       |       |   107 |   182 |    20 ||   309

Table legend: (Time is in decaauts)
 A = Elapsed time spent in this place.
 B = Non-inter-level travel time spent in this place.
 C = Inter-level travel time spent in this place.
 D = Time resting spent in this place.
 E = Time spent auto-exploring this place.
 F = Levels seen in this place.
 G = Mean time per level.
                   A        B        C        D        E       F      G
               +--------+--------+--------+--------+--------+-----+--------+
         Total |  21263 |  20131 |   1132 |   2957 |  12837 |  25 |  850.5 |
       Dungeon |  13769 |  13034 |    735 |   1737 |   8790 |  15 |  917.9 |
          Lair |   5891 |   5628 |    263 |   1044 |   3494 |   5 | 1178.2 |
         Swamp |    100 |    100 |      0 |      0 |      8 |   1 |  100.0 |
  Orcish Mines |   1066 |    934 |    132 |     57 |    502 |   2 |  533.0 |
         Sewer |    347 |    347 |      0 |    105 |     43 |   1 |  347.0 |
      Ice Cave |     87 |     87 |      0 |     14 |      0 |   1 |   87.0 |
               +--------+--------+--------+--------+--------+-----+--------+

Top non-repeatable levels by time:
  Lair:3: 1916 daAuts
  Lair:5: 1329 daAuts
     D:8: 1212 daAuts
     D:1: 1163 daAuts
    D:10: 1117 daAuts
     D:6: 1056 daAuts
     D:9: 1014 daAuts
    D:13: 977 daAuts
    D:15: 960 daAuts
    D:14: 934 daAuts
  Lair:1: 904 daAuts
  Lair:2: 885 daAuts
     D:7: 884 daAuts
    D:11: 862 daAuts
  Lair:4: 855 daAuts
